Map: World of Sleepers LE

Players

FLORENCIO - Winner!

  • Race: Terran Terran
  • League: Diamond
  • Spawn Location: 1:00

조블랙

  • Race: Terran Terran
  • Spawn Location: 7:00

VOD

Have the link to the VOD?

Description

Time

  • Played on: Jan. 6, 2020, 12:09 a.m.
  • Length: 10:03
Show
View Real Time Build Order
Export as new Build Order

FLORENCIO Terran - Winner!

Build Orders: Liberator Opening 

Get SALT Encoding   

  12  0:01  SCV  
  13  0:13  SCV  
  14  0:24  Supply Depot  
  14  0:25  SCV  
  15  0:32  Refinery  
  15  0:45  SCV  
  15  0:47  Barracks  
  16  0:58  SCV  
  17  1:10  SCV  
  18  1:15  Supply Depot  
  18  1:22  SCV  
  19  1:33  Refinery  
  19  1:53  Refinery, Reaper  
  21  2:01  SCV  
  21  2:06  Supply Depot  
  21  2:08  Factory  
  22  2:19  Orbital Command  
  21  2:25  Reaper  
  22  2:32  Bunker  
  22  2:45  SCV  
  23  2:58  Reaper, SCV  
  25  3:04  Factory Tech Lab, Starport  
  25  3:15  SCV  
  25  3:19  Supply Depot  
  26  3:20  Supply Depot  
  27  3:27  SCV  
  27  3:30  Siege Tank, Liberator  
  31  3:39  Marine  
  31  3:45  Supply Depot  
  34  3:49  Barracks  
  34  3:57  Marine  
  35  4:04  Siege Tank  
  38  4:15  Marine  
  39  4:36  Cyclone  
  42  4:43  Barracks  
  42  5:16  Viking  
  42  5:17  Cyclone  
  44  5:38  Barracks  
  44  5:41  Command Center  
  44  5:46  Viking  
  44  5:49  Siege Tank  
  49  6:16  Viking  
  51  6:26  Barracks  
  51  6:48  Viking  
  53  7:01  Liberator  
  56  7:36  Barracks  
  56  8:07  Viking  
  58  8:37  Viking  
  58  9:00  Siege Tank  
  61  9:25  SCV  
  61  9:37  SCV  
  61  9:49  SCV  
Show
View Real Time Build Order
Export as new Build Order

조블랙 Terran 

Build Orders:  

Get SALT Encoding   

  12  0:01  SCV  
  13  0:13  SCV  
  14  0:17  Supply Depot  
  14  0:25  SCV  
  15  0:39  SCV  
  15  0:41  Barracks  
  16  0:51  SCV  
  16  0:52  Refinery  
  17  1:03  SCV  
  18  1:15  SCV  
  19  1:27  SCV  
  21  1:40  Marine, SCV  
  23  1:57  Orbital Command  
  22  2:03  Command Center  
  22  2:05  Supply Depot  
  22  2:10  Marine  
  23  2:15  Factory  
  23  2:27  SCV  
  23  2:28  Marine  
  25  2:39  SCV  
  25  2:42  Refinery  
  26  2:51  SCV  
  27  3:03  Factory Tech Lab  
  27  3:04  Marine  
  28  3:06  SCV  
  29  3:14  Starport  
  29  3:18  Barracks  
  29  3:20  Orbital Command  
  29  3:22  SCV  
  29  3:23  Marine  
  29  3:25  Siege Tank  
  34  3:34  SCV  
  35  3:45  Marine  
  36  3:52  SCV  
  36  3:54  SCV  
  38  3:57  Starport Reactor  
  38  4:06  SCV  
  38  4:07  SCV  
  38  4:08  Barracks Tech Lab  
  40  4:14  Siege Tank  
  43  4:17  Barracks Reactor  
  43  4:24  Supply Depot  
  43  4:25  Supply Depot  
  43  4:30  SCV  
  44  4:32  SCV  
  44  4:34  Engineering Bay  
  45  4:40  Refinery  
  45  4:45  Viking  
  47  4:49  Viking  
  47  4:51  Marine  
  50  4:57  Marine  
  49  5:09  Marine  
  44  5:23  Marine x2  
  44  5:24  Siege Tank  
  48  5:42  Marine  
  48  5:43  Marine  
  44  6:31  Missile Turret  
  44  6:38  Factory  
  44  7:02  Marine  
  44  7:03  Barracks Tech Lab  
  45  7:10  Starport Reactor  
  45  7:17  Factory Tech Lab  
  45  7:25  Marine  
  45  7:28  Marine  
  45  7:39  Widow Mine, Supply Depot  
  45  7:40  Supply Depot  
  45  7:41  Supply Depot  
  46  7:47  Missile Turret  
  46  8:00  Viking, Siege Tank, Medivac, Marine  
  54  8:23  Widow Mine  
  44  8:57  Viking x2  
  44  8:59  Widow Mine, Siege Tank  
  45  9:23  Widow Mine  
Tags
 
Add a new tag
Caveats
  • Supply blocks, unpowered buildings, or Contaminate may cause inaccurate times.
  • Supply counts are checked every 10 seconds.